 Dungeon Crawl Stone Soup version 0.31-a0-271-gb88eb75e06 (webtiles) character file.

Game seed: 14950690204810609728

82 Ofeo the Chopper (level 4, -1/39 HPs)
             Began as an Armataur Reaver on July 15, 2023.
             Succumbed to an adder's poison
             ... on level 2 of the Dungeon.
             The game lasted 00:02:03 (1788 turns).

Ofeo the Chopper (Armataur Reaver)                  Turns: 1788, Time: 00:02:04

Health: -1/39      AC:  4    Str: 19    XL:     4   Next: 21%
Magic:  7/7        EV:  9    Int: 14    God:
Gold:   128        SH:  0    Dex:  8    Spells: 6/7 levels left

rFire   . . .        a - +0 hand axe
rCold   . . .        (no shield)
rNeg    . . .        b - +0 leather armour
rPois   .            (helmet currently unavailable)
rElec   .            (cloak currently unavailable)
rCorr   .            (gloves currently unavailable)
SInv    .            (no barding)
Will    .....        (no amulet)
Stlth   +            (no ring)
HPRegen 0.26/turn    (no ring)
MPRegen 0.10/turn

%: roll
@: lethally poisoned (-1 -> -14), beast-form
A: beast (slay +0), large, rugged brown scales 3, deformed body, armoured tail,
roll, long tongue, awkward tongue
a: Begin Untransformation


You were on level 2 of the Dungeon.
You were a hulking beast.
You visited 1 branch of the dungeon, and saw 2 of its levels.

You collected 128 gold pieces.

Inventory:

Hand Weapons
 a - a +0 hand axe (weapon)
Armour
 b - a +0 leather armour (worn)
Talismans
 d - a beast talisman


   Skills:
 + Level 2.7 Fighting
 + Level 3.0 Axes
 + Level 2.1 Dodging
 - Level 2.0 Spellcasting
 - Level 2.8 Conjurations


You had 6 spell levels left.
You knew the following spells:

 Your Spells              Type           Power      Damage    Failure   Level
a - Kiss of Death         Conj/Necr      20%        2d7       16%         1

Your spell library contained the following spells:

 Spells                   Type           Power      Damage    Failure   Level
 Momentum Strike          Conj/Tloc      10%        3d8       24%         2
 Ensorcelled Hibernation  Hex/Ice        2%         N/A       38%         2
 Passwall                 Tmut/Erth      0%         N/A       38%         2
 Hailstorm                Conj/Ice       5%         3d4       43%         3
 Swiftness                Air            1%         N/A       63%         3
 Anguish                  Hex/Necr       0%         N/A       95%         4


Dungeon Overview and Level Annotations

Branches:
Dungeon (2/15)

Altars:


Innate Abilities, Weirdness & Mutations

You are a hulking beast.
Your limbs bulge with bestial killing power. (Slay +0)
You are completely covered in rugged brown scales. (AC +3, +7% HP)
Armour fits poorly on your strangely shaped body.
You have a long armoured tail.
You roll when moving toward enemies. (Rampage)
Your long tongue fully drains potion bottles. (2x potion effects)
Your tongue gives you trouble enunciating. (1.5x scroll delay)


Message History

You are too injured to fight recklessly!
You barely miss the adder.
The adder is moderately wounded.
You feel sick. The adder bites you but does no damage. The adder bites you.
You are more poisoned.
The adder poisons you!
You take 5 damage, and have 18/39 hp.
You barely miss the adder.
Your tail-slap misses the adder.
The adder is moderately wounded.
You feel very sick. The adder bites you.
You are more poisoned.
The adder poisons you!
You take 5 damage, and have 13/39 hp.
You hit the adder.
The adder is moderately wounded.
* * * LOW HITPOINT WARNING * * *
You feel very sick. The adder barely misses you.
The adder bites you but does no damage.
You take 2 damage, and have 11/39 hp.
You slash the adder!
The adder is almost dead.
* * * LOW HITPOINT WARNING * * *
You feel very sick. The adder bites you but does no damage.
You take 3 damage, and have 8/39 hp.
You aren't carrying any potions.
You miss the adder.
The adder is almost dead.
* * * LOW HITPOINT WARNING * * *
You feel sick. The adder bites you.
* * * LOW HITPOINT WARNING * * *
The adder bites you.
* * * LOW HITPOINT WARNING * * *
You are more poisoned.
The adder poisons you!
You take 6 damage, and have 2/39 hp.
You miss the adder.
Your tail-slap misses the adder.
The adder is almost dead.
You die...

.....†.#...#...#.......#**,*,*,**
#..##.....###....###...# *****,*
#..####..## *#..##**#### *,*
...#####..# *..##*,,*** *,*
#.#####..## #### **,,,**** *,*
#.......## ***,,,,** *,*
##################*###**,,* *,*
..#..#..#..##.'..#...#***,** *,*
#.##.##...##..##h..#**,,,,,***,*
#..#..#..##....#)S##,*,,,,,,,..#
##.##...##.....##...,*,,,,,**..*
.#..#..##.......#..##*,,,,,**..#
.##.†.##........##.#,*,,,,,##..#
..#..##...÷..#...#..,*,,,,,#...#
..####......##...##.#*######.#.#
...##......####...#.$*#.†..#.#.#
...#......##,,#...##,##.##.#.#.#


You could see an adder.

Vanquished Creatures
  An adder (D:2)
  2 worms (D:2)
  2 dart slugs
  An orc (D:2)
  5 bats
  9 endoplasms
  3 giant cockroaches
  4 goblins (D:1)
  6 hobgoblins
  A jackal (D:2)
  2 quokkas
  9 ball pythons
  3 frilled lizards
  2 kobolds (D:1)
  8 rats
58 creatures vanquished.

Notes
Turn   | Place    | Note
-------+----------+-------------------------------------------
     0 | D:1      | Ofeo the Armataur Reaver began the quest for the Orb.
     0 | D:1      | Reached XP level 1. HP: 18/18 MP: 3/3
   307 | D:1      | Reached XP level 2. HP: 25/25 MP: 4/4
   853 | D:1      | Reached XP level 3. HP: 31/31 MP: 6/6
  1602 | D:2      | Reached XP level 4. HP: 39/39 MP: 7/7
  1618 | D:2      | Found a faded altar of an unknown god.
  1776 | D:2      | Reached skill level 3 in Axes
  1788 | D:2      | Succumbed to an adder's poison

Illustrated notes

Levels and vault maps discovered:
D:1:      dpeg_arrival_morbid_curiosity, layout_loops_corners,
          minmay_misc_feat_five
D:2:      minmay_razor_zed, layout_basic, nicolae_ecumenical_snake_handling,
          st_stairs_8, hangedman_decor_peaks_small, uniq_natasha

Skill      XL: |  1  2  3  4 |
---------------+-------------+-----
Fighting       | 2 |  2.7
Spellcasting   | 2 |  2.0
Dodging        | 2 |  2.1
Axes           | 3 |  3.0
Conjurations   | |  2.8

Action                     |  1- 3 |  4- 6 || total
---------------------------+-------+-------++-------
  Melee: Hand axe          |   141 |    34 ||   175
         Tailslap          |    16 |     2 ||    18
    Use: Scroll            |     2 |       ||     2
         Potion            |     1 |     1 ||     2
 Armour: Leather armour    |    44 |    18 ||    62
  Dodge: Dodged            |    73 |    15 ||    88
   Form: Beast             |     1 |       ||     1

Table legend: (Time is in decaauts)
 A = Elapsed time spent in this place.
 B = Non-inter-level travel time spent in this place.
 C = Inter-level travel time spent in this place.
 D = Time resting spent in this place.
 E = Time spent auto-exploring this place.
 F = Levels seen in this place.
 G = Mean time per level.
                   A        B        C        D        E       F      G
               +--------+--------+--------+--------+--------+-----+--------+
         Total |   1818 |   1798 |     20 |    224 |   1178 |   2 |  909.0 |
       Dungeon |   1818 |   1798 |     20 |    224 |   1178 |   2 |  909.0 |
               +--------+--------+--------+--------+--------+-----+--------+

Top non-repeatable levels by time:
     D:1: 1111 daAuts
     D:2: 706 daAuts
